 Dungeon Crawl Stone Soup version 0.25-a0-566-g062765be81 (webtiles) character file.

Game seed: 2574034013286269192, levelgen mode: deterministic

78222 Flugslaktarn the Severer (level 14, -8/133 HPs)
             Began as a Deep Dwarf Fighter on Feb 28, 2020.
             Was a High Priest of Makhleb.
             Drowned by a drowned soul (14 damage)
             ... summoned by a merfolk avatar
             ... on level 1 of the Shoals.
             The game lasted 00:13:07 (12261 turns).

Flugslaktarn the Severer (Deep Dwarf Fighter)      Turns: 12261, Time: 00:13:07

Health: -8/133     AC: 31    Str: 26      XL:     14   Next: 74%
Magic:  18/18      EV:  8    Int: 16 (17) God:    Makhleb [*****.]
Gold:   1672       SH: 15    Dex: 17      Spells: 13/13 levels left

rFire    . . .     SeeInvis .   M - +1 war axe (distort)
rCold    + . .     Gourm    .   c - +1 kite shield
rNeg     + + .     Faith    .   E - +3 plate armour
rPois    +         Spirit   .   k - +1 helmet
rElec    .         Reflect  .   u - +2 ratskin cloak {+Rats rPois rN+ Str-1 Int-1 Dex+1}
rCorr    .         Harm     .   F - +0 pair of gloves
MR       ++...                  (no boots)
Stlth    ..........             B - amulet of Haor {+Rage Str+4 Int+9}
HPRegen  0.00/turn              A - ring of the Turtledove {rC+ Dex+4 Stlth+}
MPRegen  0.16/turn              H - +5 ring of protection

@: non-regenerating
A: damage resistance, heal wounds, talons 1, deterioration 1, negative energy
resistance 1, sense surroundings 2, weak 1, MP-powered wands, no regeneration
}: 1/15 runes: serpentine
a: Heal Wounds, Minor Destruction, Lesser Servant of Makhleb, Major Destruction,
Greater Servant of Makhleb, Renounce Religion, Evoke Ratskin, Evoke Berserk Rage


You were on level 1 of the Shoals.
You worshipped Makhleb.
Makhleb was extremely pleased with you.
You were not hungry.

You visited 5 branches of the dungeon, and saw 22 of its levels.
You also visited: Bailey.

You collected 1672 gold pieces.

Inventory:

Hand Weapons
 a - a +0 war axe
 D - a +0 broad axe
   (You took it off an orc warrior on level 9 of the Dungeon)
 M - a +1 war axe of distortion (weapon)
   (You found it on level 4 of the Dungeon)
Missiles
 C - a throwing net (quivered)
Armour
 c - a +1 kite shield (worn)
 k - a +1 helmet (worn)
   (You found it on level 3 of the Dungeon)
 u - the +2 ratskin cloak (worn) {+Rats rPois rN+ Str-1 Int-1 Dex+1}
   (You found it on level 4 of the Dungeon)

   It affects your strength (-1).
   It affects your intelligence (-1).
   It affects your dexterity (+1).
   It protects you from poison.
   It protects you from negative energy.
   If you remove this armour, your AC will decrease by 4 (31 -> 27).
 x - a +1 chain mail of fire resistance
   (You found it on level 7 of the Dungeon)
 E - a +3 plate armour (worn)
   (You took it off an orc warrior on level 9 of the Dungeon)
 F - a +0 pair of gloves (worn)
   (You found it on level 9 of the Dungeon)
Jewellery
 f - an uncursed ring of protection from fire
   (You found it on level 7 of the Dungeon)
 i - an uncursed ring of see invisible
   (You found it on level 4 of the Dungeon)
 p - a +1 ring of protection
   (You found it on level 4 of the Lair of Beasts)
 A - the ring of the Turtledove (left hand) {rC+ Dex+4 Stlth+}
   (You found it on level 2 of the Lair of Beasts)

   [ring of stealth]

   It affects your dexterity (+4).
   It protects you from cold.
   It makes you more stealthy.
 B - the amulet of Haor (around neck) {+Rage Str+4 Int+9}
   (You found it on level 2 of the Lair of Beasts)

   [amulet of rage]

   It affects your strength (+4).
   It affects your intelligence (+9).
   It lets you go berserk.
 H - a +5 ring of protection (right hand)
   (You found it on level 2 of the Snake Pit)
 O - an uncursed ring of protection from fire
   (You found it on level 4 of the Lair of Beasts)
Wands
 o - a wand of iceblast (17)
   (You found it on level 4 of the Dungeon)
 v - a wand of digging (5)
   (You found it on level 10 of the Dungeon)
 G - a wand of acid (22)
   (You found it on level 4 of the Dungeon)
 I - a wand of clouds (5)
   (You found it on level 1 of the Lair of Beasts)
 N - a wand of enslavement (5)
   (You found it on level 5 of the Lair of Beasts)
Scrolls
 l - 9 scrolls of remove curse
 n - 3 scrolls of fear
 r - 2 scrolls of identify
 t - 3 scrolls of teleportation
 y - 2 scrolls of fog
 z - a scroll of blinking
 J - 3 scrolls of enchant armour
Potions
 b - 3 potions of magic
 d - 2 potions of might
 g - 3 potions of brilliance
 h - 4 potions of flight
 j - 4 potions of stabbing
 m - 2 potions of invisibility
 q - 8 potions of curing
 s - 3 potions of lignification
 w - 2 potions of heal wounds
 Q - 2 potions of berserk rage
Comestibles
 e - 29 rations
 K - 2 chunks of flesh


   Skills:
 + Level 10.4 Fighting
 * Level 16.2 Axes
 + Level 12.3 Armour
 - Level 1.1 Dodging
 + Level 12.2 Shields
 + Level 13.3 Invocations


You had 13 spell levels left.
You didn't know any spells.
Your spell library was empty.

Dungeon Overview and Level Annotations

Branches:
Dungeon (10/15)            Temple (1/1) D:4            Lair (6/6) D:9
 Shoals (1/4) Lair:4        Snake (4/4) Lair:4        Slime (0/5) Lair:6
 Bailey (visited)
    Orc: D:9-12

Altars:
Ashenzari
Cheibriados
Dithmenos
Fedhas
Gozag
Hepliaklqana
Kikubaaqudgha
Makhleb
Nemelex Xobeh
Okawaru
Qazlal
Sif Muna
Trog
Uskayaw
Vehumet
Wu Jian
Xom
Yredelemnul
Zin
The Shining One
Lugonu

Shops:
D:7 :   Snake:2 %

Annotations:
D:9 2 transporters
Snake:2 Donald
Snake:4 1 runed translucent door, Flugslaktarn's ghost, journeyman MiFi
Abyss:1 Erolcha, Prince Ribbit


Innate Abilities, Weirdness & Mutations

You are resistant to damage.
You can heal yourself by infusing magical energy.
You resist negative energy. (rN+)
You passively map the area around you.
You do not regenerate.
You have sharp toenails.
Your body sometimes deteriorates upon taking damage.
You are weak. (Str -2)
You expend magic power (3 MP) to strengthen your wands.


Message History

The merfolk avatar chants its luring song. x2
Your unstable footing causes you to fumble your attack.
The drowned soul touches you. The drowned soul drowns you!
* * * LOW HITPOINT WARNING * * *
The merfolk avatar chants its luring song.
Your plate armour prevents you from hitting the merfolk avatar.
You claw the merfolk avatar!
The merfolk avatar is heavily wounded.
You slash the merfolk avatar!
Space bends around the merfolk avatar.
You claw the merfolk avatar.
The merfolk avatar is severely wounded.
The merfolk avatar chants its luring song.
You hit the merfolk avatar. You claw the merfolk avatar.
The merfolk avatar is almost dead.
You closely miss the drowned soul.
The merfolk avatar disappears!
You closely miss the drowned soul.
You break out of your daze!
You block the drowned soul's attack. The drowned soul touches you.
The drowned soul drowns you!
You die...

≈ ≈
≈≈≈≈≈≈≈≈....##≈
* * ≈
≈≈≈≈≈≈≈.....#* ,
≈ ≈≈≈≈≈≈≈....##
* ≈ ≈
≈≈≈≈W≈≈....# *
,≈ ≈≈≈≈≈≈≈....+
, ≈ ≈
≈≈≈≈≈≈≈....# , ,
≈ W≈W≈≈≈≈....##
,, * , ≈
≈≈≈≈≈≈≈.....# ,
** ≈, ≈
≈≈≈≈≈≈W@..≈## ,
≈≈ ≈≈
≈≈≈≈≈≈.§...# ,
≈≈≈≈≈≈......# *
, *
≈≈≈≈≈.......#
*,, * ≈
≈≈≈≈≈....≈≈≈≈# ≈
≈≈≈≈≈....≈≈≈≈≈≈
* ≈
≈≈≈....###..≈≈≈≈
≈ ≈ ≈≈ ≈.....
#..≈≈≈≈≈ ≈ ≈ ≈
,, ≈ ≈ ≈ ≈


You could see 4 drowned souls.

Vanquished Creatures
  4 nagarajas
  A naga warrior (Snake:4)
  4 hydras (Lair:6)
  4 anacondas
  A merfolk avatar (Shoals:1)
  2 two-headed ogres (D:10)
  A naga sharpshooter (Snake:4)
  3 sea snakes (Snake:4)
  2 naga ritualists (Snake:2)
  2 lindwurms (Lair:2)
  Pikel (D:6)
  An orc knight (Bailey)
  3 mana vipers
  A salamander (Snake:4)
  16 black mambas
  A naga mage (Snake:4)
  3 guardian serpents (Snake:4)
  An elephant (Lair:6)
  3 molten gargoyles (Lair:6)
  11 spiny frogs
  4 komodo dragons
  A troll (D:9)
  2 merfolk (Shoals:1)
  2 polar bears
  24 blink frogs
  2 wind drakes (Shoals:1)
  2 hippogriffs
  4 dream sheep (Lair:3)
  22 yaks
  3 wyverns
  3 steam dragons (Lair:6)
  2 basilisks (Lair:6)
  18 nagas
  5 water moccasins
  3 hell hounds (Lair:6)
  11 porcupines
  A hornet zombie (D:9)
  An ice beast (D:8)
  2 sky beasts (D:6)
  A slave (D:6)
  4 orc warriors
  2 phantoms (D:6)
  5 black bears
  4 ogres
  8 wolves
  9 crocodiles
  6 centaurs
  17 bullfrogs
  A gnoll sergeant (D:7)
  A wyvern skeleton (D:6)
  A scorpion (D:4)
  5 killer bees
  9 wights
  5 howler monkeys
  5 lava snakes (Lair:6)
  5 crimson imps
  2 quasits
  A jelly (D:8)
  A centaur zombie (D:5)
  10 orc wizards
  3 bullfrog skeletons
  2 orc priests
  6 hounds
  Natasha (D:2)
  8 worker ants
  A hound zombie (D:10)
  A hound skeleton (D:7)
  A worker ant zombie (D:8)
  6 gnolls
  2 howler monkey skeletons
  6 adders
  4 shadow imps
  2 oozes
  An adder skeleton (D:8)
  2 worms
  4 leopard geckos
  33 orcs
  5 ball pythons
  5 giant cockroaches
  7 goblins
  3 hobgoblins
  11 jackals
  7 quokkas
  4 bats
  4 frilled lizards
  A jackal skeleton (D:8)
  A quokka skeleton (D:8)
  2 rats (D:2)
  14 fungi
  5 plants
431 creatures vanquished.

Vanquished Creatures (collateral kills)
  A nagaraja (Snake:4)
  A naga warrior (Snake:4)
  2 hydras
  An anaconda (Snake:4)
  A sea snake (Snake:4)
  2 black mambas
  A guardian serpent (Snake:4)
  A rime drake (Lair:6)
  5 nagas (Snake:4)
  A water moccasin (Lair:6)
16 creatures vanquished.

Vanquished Creatures (others)
  A naga warrior (Snake:4)
  2 hydras
  A naga sharpshooter (Snake:4)
  A sea snake (Snake:4)
  2 lindwurms
  A mana viper (Snake:2)
  A salamander (Snake:1)
  2 black mambas
  2 elephants (Lair:6)
  A guardian serpent (Snake:4)
  2 spiny frogs
  A naga mage (Snake:4)
  A rime drake (Lair:6)
  A komodo dragon (Lair:6)
  A troll (D:9)
  2 dream sheep (Lair:3)
  3 yaks (Lair:3)
  3 basilisks (Lair:6)
  2 nagas (Snake:4)
  A water moccasin (Lair:4)
  2 ice beasts
  3 bullfrogs
  A scorpion (D:6)
  2 wights
  A centaur zombie (D:6)
  A jelly (D:6)
  A hound (D:6)
  An iguana (D:4)
  An orc wizard (D:7)
  2 adders
  A gnoll (D:10)
  A bush (Lair:6)
  26 fungi
  8 plants
82 creatures vanquished.

Grand Total: 529 creatures vanquished

Notes
Turn   | Place    | Note
-------+----------+-------------------------------------------
     0 | D:1      | Flugslaktarn the Deep Dwarf Fighter began the quest for the
                  | Orb.
     0 | D:1      | Reached XP level 1. HP: 20/20 MP: 1/1
    87 | D:2      | Noticed Natasha
   102 | D:2      | Killed Natasha
   102 | D:2      | Reached skill level 3 in Axes
   102 | D:2      | Reached XP level 2. HP: 13/27 MP: 2/2
   102 | D:2      | Reached XP level 3. HP: 16/33 MP: 3/3
   458 | D:4      | Reached XP level 4. HP: 37/42 MP: 4/4
   477 | D:4      | Found a staircase to the Ecumenical Temple.
   483 | D:4      | Reached skill level 4 in Axes
   483 | D:4      | Reached XP level 5. HP: 43/49 MP: 5/5
   493 | Temple   | Entered the Ecumenical Temple
   565 | Temple   | Became a worshipper of Makhleb the Destroyer
   605 | D:4      | Noticed an ogre
   624 | D:4      | Killed an ogre
   624 | D:4      | Reached skill level 1 in Invocations
   639 | D:4      | Found a blossoming altar of Fedhas.
   734 | D:4      | Reached XP level 6. HP: 45/56 MP: 4/6
   914 | D:4      | Found the +2 ratskin cloak {+Rats rPois rN+ Str-1 Int-1
                  | Dex+1}
   914 | D:4      | Found a bloodstained altar of Trog.
  1224 | D:4      | Found a hazy altar of Hepliaklqana.
  1314 | D:5      | Entered Level 5 of the Dungeon
  1327 | D:5      | Noticed Prince Ribbit
  1330 | D:5      | Noticed a sky beast
  1340 | D:5      | Reached skill level 5 in Axes
  1354 | D:5      | Banished Prince Ribbit
  1354 | D:5      | Reached XP level 7. HP: 43/63 MP: 6/8
  1606 | D:5      | Reached skill level 5 in Shields
  1628 | D:5      | Reached skill level 5 in Armour
  1900 | D:5      | Reached * piety under Makhleb
  2080 | D:6      | Reached skill level 6 in Axes
  2115 | D:6      | Found a shimmering altar of Xom.
  2123 | D:6      | Reached XP level 8. HP: 46/73 MP: 9/9
  2263 | D:6      | Reached skill level 7 in Axes
  2353 | D:6      | Reached skill level 5 in Invocations
  2428 | D:6      | Noticed Pikel
  2441 | D:6      | Killed Pikel
  2441 | D:6      | Reached skill level 5 in Fighting
  2441 | D:6      | Reached skill level 8 in Axes
  2441 | D:6      | Gained mutation: You passively map the area around you.
                  | [Deep Dwarf growth]
  2441 | D:6      | Reached XP level 9. HP: 67/81 MP: 10/12
  2522 | D:6      | Reached ** piety under Makhleb
  2527 | D:6      | Found a radiant altar of Vehumet.
  3173 | D:7      | Found Neniwainn's Book Emporium.
  3479 | D:7      | Found an ancient bone altar of Kikubaaqudgha.
  3882 | D:8      | Reached skill level 9 in Axes
  3886 | D:8      | Found a shimmering blue altar of Sif Muna.
  4002 | D:8      | Reached *** piety under Makhleb
  4027 | D:8      | Got a glittering golden ring
  4138 | D:8      | Reached XP level 10. HP: 91/91 MP: 14/14
  4470 | D:9      | Found a snail-covered altar of Cheibriados.
  4470 | D:9      | Found a stormy altar of Qazlal.
  4521 | D:9      | Found a staircase to the Lair.
  4526 | D:9      | Reached skill level 10 in Axes
  4684 | D:9      | Found a transporter.
  4695 | D:9      | Reached **** piety under Makhleb
  4726 | D:9      | Found a corrupted altar of Lugonu.
  4726 | D:9      | Noticed a brown ugly thing
  4726 | D:9      | Noticed a purple ugly thing
  4727 | D:9      | Noticed a green ugly thing
  4728 | D:9      | Noticed a red ugly thing
  4912 | D:9      | Found a transporter.
  4963 | D:9      | Found an opulent altar of Gozag.
  5106 | D:10     | Entered Level 10 of the Dungeon
  5296 | D:10     | Found a flagged portal.
  5317 | Bailey   | Entered a bailey
  5357 | Bailey   | Noticed an orc knight
  5358 | Bailey   | Found a bloodstained altar of Trog.
  5397 | Bailey   | Killed an orc knight
  5425 | D:10     | Noticed a two-headed ogre
  5429 | D:10     | Reached skill level 11 in Axes
  5444 | D:10     | Killed a two-headed ogre
  5444 | D:10     | Reached XP level 11. HP: 89/99 MP: 16/16
  5549 | D:10     | Identified the ring of Qyleog {Int+4 Dex+2} (You found it
                  | on level 8 of the Dungeon)
  5598 | D:10     | Noticed a two-headed ogre
  5600 | D:10     | Noticed Erolcha
  5605 | D:10     | Killed a two-headed ogre
  5616 | D:10     | Banished Erolcha
  6220 | Lair:1   | Entered Level 1 of the Lair of Beasts
  6963 | Lair:2   | Reached skill level 12 in Axes
  7072 | Lair:2   | Noticed a lindwurm
  7078 | Lair:2   | Noticed a lindwurm
  7078 | Lair:2   | Noticed a lindwurm
  7081 | Lair:2   | Noticed a lindwurm
  7193 | Lair:2   | Found the +11 plutonium sword {*Contam Stlth-}
  7209 | Lair:2   | Got a warped granite ring
  7211 | Lair:2   | Got a fine diamond amulet
  7238 | Lair:2   | Killed a lindwurm
  7411 | Lair:2   | Reached ***** piety under Makhleb
  7422 | Lair:2   | Killed a lindwurm
  7473 | Lair:2   | Reached XP level 12. HP: 81/110 MP: 18/18
  7476 | Lair:2   | Reached skill level 10 in Invocations
  7945 | Lair:3   | Identified the amulet of Haor {+Rage Str+4 Int+9} (You
                  | found it on level 2 of the Lair of Beasts)
  7947 | Lair:3   | Identified the ring of the Turtledove {rC+ Dex+4 Stlth+}
                  | (You found it on level 2 of the Lair of Beasts)
  7995 | Lair:3   | Reached skill level 13 in Axes
  8046 | Lair:3   | Found a blossoming altar of Fedhas.
  8133 | Lair:3   | Reached skill level 10 in Armour
  8141 | Lair:3   | Reached skill level 10 in Shields
  8391 | Lair:3   | Reached skill level 1 in Dodging
  8737 | Lair:4   | Found a staircase to the Shoals.
  8752 | Lair:4   | Found a staircase to the Snake Pit.
  9441 | Lair:5   | Noticed a seven-headed hydra
  9490 | Lair:5   | Banished a 13-headed hydra
  9601 | Lair:5   | Noticed a five-headed hydra
  9614 | Lair:5   | Killed a five-headed hydra
  9630 | Lair:5   | You fall into a shaft and drop 1 floor!
  9630 | Lair:6   | Entered Level 6 of the Lair of Beasts
  9630 | Lair:6   | Noticed a seven-headed hydra
  9648 | Lair:6   | Noticed a catoblepas
  9709 | Lair:6   | Reached XP level 13. HP: 100/120 MP: 20/20
  9775 | Lair:6   | Reached skill level 14 in Axes
  9949 | Lair:6   | Found a staircase to the Slime Pits.
 10173 | Lair:6   | Noticed a fire dragon
 10429 | Lair:6   | Found a large runed translucent door.
 10430 | Lair:6   | Found a large runed translucent door.
 10702 | Lair:6   | Gained mutation: You passively map a large area around you.
                  | [potion of mutation]
 10702 | Lair:6   | Gained mutation: Armour fits poorly on your strangely
                  | shaped body. [potion of mutation]
 10702 | Lair:6   | Gained mutation: You have sharp toenails. [potion of
                  | mutation]
 10732 | Lair:6   | Banished a fire dragon
 10799 | Snake:1  | Entered Level 1 of the Snake Pit
 10912 | Snake:2  | Reached skill level 15 in Axes
 11200 | Snake:2  | Found Doka's Food Shop.
 11322 | Snake:2  | Noticed Donald
 11326 | Snake:2  | Gained mutation: You resist negative energy. (rN+) [Deep
                  | Dwarf growth]
 11326 | Snake:2  | Reached XP level 14. HP: 110/130 MP: 22/22
 11399 | Snake:3  | Noticed a nagaraja
 11427 | Snake:3  | Killed a nagaraja
 11442 | Snake:4  | Entered Level 4 of the Snake Pit
 11459 | Snake:4  | Noticed a nagaraja
 11459 | Snake:4  | Noticed a nagaraja
 11466 | Snake:4  | Killed a nagaraja
 11470 | Snake:4  | Reached skill level 10 in Fighting
 11483 | Snake:4  | Noticed a nagaraja
 11516 | Snake:4  | Noticed Flugslaktarn's ghost (journeyman MiFi)
 11528 | Snake:4  | Found a runed translucent gate.
 11576 | Snake:4  | Noticed a nagaraja
 11585 | Snake:4  | Killed a nagaraja
 11602 | Snake:4  | Lost mutation: You have sharp toenails. [potion of
                  | mutation]
 11602 | Snake:4  | Lost mutation: You passively map a large area around you.
                  | [potion of mutation]
 11602 | Snake:4  | Lost mutation: Armour fits poorly on your strangely shaped
                  | body. [potion of mutation]
 11602 | Snake:4  | Gained mutation: Your body sometimes deteriorates upon
                  | taking damage. [potion of mutation]
 11602 | Snake:4  | Gained mutation: You have sharp toenails. [potion of
                  | mutation]
 11602 | Snake:4  | Gained mutation: You are weak. (Str -2) [potion of
                  | mutation]
 11602 | Snake:4  | Gained mutation: You expend magic power (3 MP) to
                  | strengthen your wands. [potion of mutation]
 11655 | Snake:4  | Killed a nagaraja
 11715 | Snake:4  | Noticed a nagaraja
 11721 | Snake:4  | Noticed a nagaraja
 11798 | Snake:4  | Killed a nagaraja
 11805 | Snake:4  | Reached skill level 16 in Axes
 11872 | Snake:4  | Got a serpentine rune of Zot
 11931 | Snake:3  | Noticed a nagaraja
 12058 | Shoals:1 | Entered Level 1 of the Shoals
 12242 | Shoals:1 | HP: 4/133 [drowned by a drowned soul[a merfolk avatar]
                  | (10)]
 12258 | Shoals:1 | HP: 6/133 [drowned by a drowned soul[a merfolk avatar]
                  | (10)]
 12261 | Shoals:1 | Drowned by a drowned soul

Levels and vault maps discovered:
D:1:      dpeg_arrival_prison, layout_basic
D:2:      layout_basic, lemuel_round_altar, uniq_natasha
D:3:      layout_loops_ring, nicolae_ru_awakened_eye, first_ration,
          elyvilon_altar_1
D:4:      layout_loops_ring, overflow_temple_1_default, old_standard_altar,
          old_standard_altar, minmay_temple_entry_waves, minmay_statues_item,
          corner_web_ring
D:5:      layout_gridville, kennysheep_big_empty_room, uniq_prince_ribbit1
D:6:      layout_loops_cross, lemuel_coloured_pillars_altar,
          xom_confusion_cloud, uniq_pikel
D:7:      layout_layer_cave, kennysheep_mini_moat, serial_shops,
          nicolae_shop_behind_doors, minivault_10
D:8:      layout_basic, lemuel_round_altar, grunt_ogre_cave,
          minmay_pinched_square
D:9:      gammafunk_corrupted_shrine, layout_cave_pools, grunt_gozag_statues,
          minitemple, due_lair_maze_entry_diamond
D:10:     layout_grid_maze, lightli_bailey_entry_fortress, uniq_erolcha
Temple:   eino_temple_lava
Lair:1:   layout_hall_layers, minmay_stone_trees_small,
          infiniplex_staircase_pool_2
Lair:2:   layout_cave_pods, minmay_lindwurm_lava
Lair:3:   layout_regular_city, basic_altar, st_stairs_8
Lair:4:   layout_concentric_octagons, elwin_shoals_entry_rocks,
          guppyfry_snake_entry_island
Lair:5:   layout_long_grid, fungi_pond_lemuel, lemuel_fruit_tree,
          lemuel_fruit_fields
Lair:6:   cheibrodos_lair_end_hotspot, layout_misc_corridors, slime_dummy
Shoals:1: cheibrodos_shoals_gigantism, layout_shoals, nicolae_shoals_drake_roost
Snake:1:  layout_rooms, serial_shops, shop, uniq_frances
Snake:2:  layout_chambers, serial_shops, shop, minmay_shop_star, uniq_nikola,
          uniq_donald
Snake:3:  nicolae_snake_nest, layout_onion_interference, basic_altar
Snake:4:  grunt_snake_rune_pools, layout_chambers, gammafunk_ghost_split,
          grunt_ministairs_10, st_stairs_12

Skill      XL: |  1  2  3  4  5  6  7  8  9 10 11 12 13 14 |
---------------+-------------------------------------------+-----
Axes           | 3 4 5 6 8 9 11 12 13 15 16 | 16.2
Fighting       | 3 4 5 6 7 8 9 10 | 10.4
Armour         | 4 5 6 7 8 9 10 11 12 | 12.3
Shields        | 4 5 6 7 8 9 10 11 12 | 12.2
Invocations    | 1 2 3 5 6 8 9 11 12 13 | 13.3
Dodging        | 1 |  1.1

Action                   |  1- 3 |  4- 6 |  7- 9 | 10-12 | 13-15 || total
-------------------------+-------+-------+-------+-------+-------++-------
Melee: War axe           |    92 |    83 |   315 |   648 |   623 ||  1761
       Kick              |       |       |       |       |   171 ||   171
Invok: Lesser Servant of |       |       |       |     5 |     4 ||     9
       Greater Servant o |       |       |       |       |     5 ||     5
 Abil: Heal Wounds       |     2 |     4 |     2 |     2 |    16 ||    26
Evoke: Wand              |       |       |       |       |     6 ||     6
  Use: Scroll            |       |       |    11 |    10 |     3 ||    24
       Potion            |       |       |       |     2 |     3 ||     5
 Stab: Petrifying        |       |       |       |       |     4 ||     4
       Petrified         |       |       |       |       |     3 ||     3
       Distracted        |       |       |       |       |     2 ||     2
  Eat: Chunk             |       |     1 |    10 |    16 |     5 ||    32
       Ration            |       |       |       |     1 |     1 ||     2
Armor: Scale mail        |    22 |       |       |       |       ||    22
       Chain mail        |    25 |    31 |   156 |    44 |       ||   256
       Plate armour      |       |       |       |   291 |   317 ||   608
       Skin              |       |       |       |     2 |       ||     2
       Shadow dragon sca |       |       |       |    20 |       ||    20
Dodge: Dodged            |    25 |    14 |    56 |   158 |   128 ||   381
Block: Kite shield       |    65 |    47 |   183 |   445 |   414 ||  1154

Table legend:
 A = Non-vault XP
 B = Vault XP
 C = Vault XP percentage of total XP
 D = Non-vault monster count
 E = Vault monster count
 F = Vault count percentage of total count
                 A         B        C        D         E       F
            +---------+---------+-------+---------+---------+-------
      Total |   56235 |   36940 |  39.6 |     346 |     128 |  27.0
            +---------+---------+-------+---------+---------+-------
        D:1 |       2 |       4 |  66.7 |       1 |       2 |  66.7
        D:2 |      35 |      37 |  51.4 |      11 |       1 |   8.3
        D:3 |      16 |       0 |   0.0 |      10 |       0 |   0.0
        D:4 |     474 |       0 |   0.0 |      17 |       0 |   0.0
        D:5 |     319 |     256 |  44.5 |      19 |       1 |   5.0
        D:6 |    1220 |    1324 |  52.0 |      30 |       8 |  21.1
        D:7 |     524 |       0 |   0.0 |      21 |       0 |   0.0
        D:8 |     757 |     983 |  56.5 |      25 |      12 |  32.4
        D:9 |    2115 |    1305 |  38.2 |      35 |      10 |  22.2
       D:10 |    2369 |     906 |  27.7 |      14 |      11 |  44.0
     Lair:1 |    3020 |       0 |   0.0 |      11 |       0 |   0.0
     Lair:2 |    5056 |    1807 |  26.3 |      22 |       3 |  12.0
     Lair:3 |    6136 |       0 |   0.0 |      35 |       0 |   0.0
     Lair:4 |    1880 |     483 |  20.4 |      11 |       3 |  21.4
     Lair:5 |    2174 |       0 |   0.0 |       5 |       0 |   0.0
     Lair:6 |   14371 |    7948 |  35.6 |      48 |      26 |  35.1
   Shoals:1 |    2061 |       0 |   0.0 |       5 |       0 |   0.0
    Snake:1 |    2368 |       0 |   0.0 |       7 |       0 |   0.0
    Snake:2 |    7629 |       0 |   0.0 |      14 |       0 |   0.0
    Snake:3 |    3273 |       0 |   0.0 |       4 |       0 |   0.0
    Snake:4 |     436 |   20973 |  98.0 |       1 |      45 |  97.8
     Bailey |       0 |     914 | 100.0 |       0 |       6 | 100.0
            +---------+---------+-------+---------+---------+-------
